 Dungeon Crawl Stone Soup version 0.18.1-50-g88ac8fd (webtiles) character file.

385 epen the Insei (level 6, -2/50 HPs)
             Began as a Merfolk Monk on Sept 16, 2016.
             Slain by a worker ant (6 damage)
             ... on level 4 of the Dungeon.
             The game lasted 00:04:50 (3891 turns).

epen the Insei (Merfolk Monk)                       Turns: 3891, Time: 00:04:51

Health: -2/50      AC:  6    Str: 11    XL:     6   Next: 77%
Magic:  6/6        EV: 14    Int: 16    God:
Gold:   163        SH:  0    Dex: 17    Spells: 0 memorised, 5 levels left

rFire  . . .     SeeInvis .     e - +1 short sword (elec)
rCold  . . .     Gourm    .     s - +0 ring mail (curse)
rNeg   . . .     Faith    .     (no shield)
rPois  .         Spirit   .     (no helmet)
rElec  .         Dismiss  .     (no cloak)
rCorr  +         Reflect  .     (no gloves)
SustAt .         Harm     .     v - +0 pair of boots
MR     +....                    (no amulet)
Stlth  ++........               (no ring)
                                l - ring of resist corrosion

@: brilliant, lethally poisoned (-2 -> -8), flying, drained, somewhat resistant
to hostile enchantments, unstealthy
A: change form in water, swift swim, magic resistance 1, subdued magic 1
a: no special abilities


You were on level 4 of the Dungeon.
You were not hungry.

You visited 1 branch of the dungeon, and saw 4 of its levels.
You also visited: Sewer.

You collected 163 gold pieces.

Inventory:

Hand Weapons
 e - a +1 short sword of electrocution (weapon)
Missiles
 d - a throwing net (quivered)
Armour
 a - a +0 robe
 s - a cursed +0 ring mail (worn)
 v - a +0 pair of boots (worn)
Jewellery
 l - a ring of resist corrosion (left hand)
Wands
 i - a wand of random effects (6/48)
 w - a wand of polymorph (10/24)
Scrolls
 f - 4 scrolls of identify
 j - 4 scrolls of teleportation
 o - a scroll of fog {unknown}
 p - a scroll of amnesia {unknown}
 r - a scroll of enchant weapon {unknown}
Potions
 c - a potion of brilliance
 g - a potion of resistance {unknown}
 h - 2 potions of flight
 m - a potion of haste {unknown}
 n - a potion of invisibility {unknown}
 q - a potion of curing {unknown}
 t - a potion of agility {unknown}
 u - a potion of degeneration {unknown}
Comestibles
 b - 4 bread rations
 k - a meat ration
 x - a royal jelly


   Skills:
 + Level 4.8(4.7) Fighting
 + Level 6.1 Dodging
 - Level 2.1 Stealth
 * Level 6.8(6.7) Unarmed Combat


You had 5 spell levels left.
You didn't know any spells.

Dungeon Overview and Level Annotations

Branches:
Dungeon (4/15)
 Temple: D:4-7

Altars:
Nemelex Xobeh

Annotations:
D:4 kolakolka's ghost, amateur GrEE


Innate Abilities, Weirdness & Mutations

You revert to your normal form in water.
You are very nimble and swift while swimming.
You are resistant to hostile enchantments.
Your spells are a little easier to cast, but a little less powerful.


Message History

The worker ant is heavily wounded.
The worker ant bites you.
* * * LOW HITPOINT WARNING * * *
You are lethally poisoned!
The worker ant poisons you!
Drink which item? (? for menu, Esc to quit)
It was a potion of brilliance.
You feel clever all of a sudden.
* * * LOW HITPOINT WARNING * * *
You feel sick. The worker ant barely misses you.
There isn't anything here!
There isn't anything here!
There isn't anything here!
Drink which item? (? for menu, Esc to quit)
It was a potion of flight.
You feel very buoyant.
You fly up into the air.
* * * LOW HITPOINT WARNING * * *
You feel sick. The worker ant bites you.
You die...

###....)################
#.....+..............#
#.....#.............(#
###'##...............#
######...รท.........######
#...#..............'.#
#.#.#..............#.# *****
#...'........#'#'###.# *,,,,
###.#.....##.#@#.# #<# *,,,,
#.#........#a#.# ### *,,,,
#.#....#####W#.##########,,,,
#.#.>....................,,,,
#.......(................,,,,
##.....#######.#####.....,,,,
#......##.....##* *,,...,,,,
#.#+##..........# *,,,,.****
#.#,*#..........# *,,,,,* *


You could see a worker ant and kolakolka's ghost.

Vanquished Creatures
  An ogre (D:4)
  Jessica (D:2)
  An orc wizard (D:3)
  10 adders
  A river rat (D:4)
  5 oozes
  5 worms
  4 dart slugs
  8 giant geckos
  6 orcs
  6 ball pythons
  5 giant cockroaches
  9 goblins
  4 hobgoblins
  4 jackals (Sewer)
  A quokka (D:3)
  13 bats
  4 giant newts
  6 kobolds
  14 rats
108 creatures vanquished.

Notes
Turn   | Place    | Note
--------------------------------------------------------------
     0 | D:1      | epen the Merfolk Monk began the quest for the Orb.
     0 | D:1      | Reached XP level 1. HP: 18/18 MP: 1/1
   141 | D:1      | Reached XP level 2. HP: 23/24 MP: 2/2
   598 | D:1      | Reached XP level 3. HP: 22/29 MP: 3/3
   883 | D:2      | Found a sparkling altar of Nemelex Xobeh.
   954 | D:2      | Reached skill level 5 in Unarmed Combat
  1021 | D:2      | Noticed Jessica
  1027 | D:2      | Killed Jessica
  1027 | D:2      | Reached skill level 5 in Dodging
  1027 | D:2      | Reached XP level 4. HP: 36/37 MP: 4/4
  1549 | D:3      | Reached XP level 5. HP: 42/42 MP: 5/5
  1574 | D:3      | Found a faded altar to an unknown god.
  2783 | D:4      | Noticed an ogre
  2793 | D:4      | Killed an ogre
  2793 | D:4      | Reached XP level 6. HP: 49/49 MP: 6/6
  2798 | D:4      | Gained mutation: You are frail (-10% HP). [potion of mutation]
  2798 | D:4      | Lost mutation: You are frail (-10% HP). [potion of mutation]
  2798 | D:4      | Gained mutation: You are resistant to hostile enchantments. [potion of mutation]
  2799 | D:4      | Gained mutation: You are frail (-10% HP). [potion of mutation]
  2799 | D:4      | Lost mutation: You are frail (-10% HP). [potion of mutation]
  2799 | D:4      | Gained mutation: Your spells are a little easier to cast, but a little less powerful. [potion of mutation]
  2882 | D:4      | Found a glowing drain.
  2891 | Sewer    | Entered a sewer
  3872 | D:4      | Noticed kolakolka's ghost (amateur GrEE)
  3891 | D:4      | Slain by a worker ant

Skill      XL: |  1  2  3  4  5  6 |
---------------+-------------------+-----
Unarmed Combat | 5 6 |  6.8
Dodging        | 5 6 |  6.1
Fighting       | 4 |  4.8
Stealth        | |  2.1

Action                   |  1- 3 |  4- 6 || total
-------------------------+-------+-------++-------
Melee: Unarmed           |    56 |       ||    56
       Punch             |     3 |     8 ||    11
       Short sword       |    31 |   212 ||   243
       Tailslap          |       |     1 ||     1
  Use: Scroll            |       |     4 ||     4
       Potion            |       |     4 ||     4
 Stab: Sleeping          |     6 |    13 ||    19
       Distracted        |       |     2 ||     2
  Eat: Chunk             |       |     9 ||     9
Armor: Robe              |    10 |    37 ||    47
       Ring mail         |       |     6 ||     6
Dodge: Dodged            |    54 |   231 ||   285
